 Dungeon Crawl Stone Soup version 0.31-a0-485-gaadceae713 (webtiles) character file.

Game seed: 2622509519857930570

132408 tilp the Bewitcher (level 16, -2/129 HPs)
             Began as a Vampire Enchanter on Aug 4, 2023.
             Was the Champion of Wu Jian.
             Slain by a naga
             ... wielding a +0 long sword
              (12 damage)
             ... on level 2 of the Snake Pit on Aug 8, 2023.
             The game lasted 01:23:57 (30029 turns).

tilp the Bewitcher (Vampire Enchanter)             Turns: 30029, Time: 01:23:58

Health: -2/129     AC: 18    Str:  7    XL:     16   Next: 57%
Magic:  21/29      EV: 17    Int: 25    God:    Wu Jian [******]
Gold:   1298       SH:  5    Dex: 15    Spells: 8/33 levels left

rFire   + . .        a - +3 dagger (drain)
rCold   + + +        T - +0 buckler
rNeg    . . .        V - +4 skin of Zhor {*Englaciate rC+++ SInv}
rPois   .            o - +2 helmet
rElec   +            d - +2 cloak
rCorr   +            G - +2 pair of gloves
SInv    +            s - +1 pair of boots "Qynivola" {rElec rCorr}
Will    +....        Z - amulet of magic regeneration
Stlth   ++++++       L - ring of protection from fire
HPRegen 0.61/turn    r - +5 ring of evasion
MPRegen 0.61/turn

%: no passive effects
@: lethally poisoned (-2 -> -12), healing quickly, slowed, constricted, very
slow
A: alive, fangs 3, see invisible, vampiric 2
a: Exsanguinate, Renounce Religion, Wall Jump, Serpent's Lash, Heavenly Storm


You were on level 2 of the Snake Pit.
You worshipped Wu Jian.
Wu Jian was exalted by your worship.
You visited 5 branches of the dungeon, and saw 25 of its levels.
You also visited: Sewer and Ossuary.

You collected 2628 gold pieces.
You spent 1330 gold pieces at shops.

Inventory:

Hand Weapons
 a - a +3 dagger of draining (weapon)
 b - a +2 dagger of electrocution
 F - a +0 heavy double sword
Missiles
 k - 88 poisoned darts (quivered)
 C - 5 curare-tipped darts
 I - 4 boomerangs
 S - 2 throwing nets {!f}
Armour
 d - a +2 cloak (worn)
 f - a +1 pair of gloves of dexterity
 o - a +2 helmet (worn)
 s - the +1 pair of boots "Qynivola" (worn) {rElec rCorr}
   (You acquired it on level 2 of the Snake Pit)

   rElec:     It insulates you from electricity.
   rCorr:     It protects you from acid and corrosion.
 G - a +2 pair of gloves (worn)
 H - the +0 robe of Fapidy {rPois MP+9}
   (You found it on level 2 of the Dungeon)

   rPois:     It protects you from poison.
   MP:        It affects your magic capacity (+9).
 T - a +0 buckler (worn)
 V - the +4 skin of Zhor (worn) {*Englaciate rC+++ SInv}
   (You found it on level 2 of the Lair of Beasts)

   *Englaciate: It radiates cold, occasionally slowing all nearby creatures who
   are not resistant to cold.
   rC:        It renders you almost immune to cold.
   SInv:      It lets you see invisible.
Jewellery
 r - a +5 ring of evasion (right hand)
 L - a ring of protection from fire (left hand)
 Z - an amulet of magic regeneration (around neck)
Wands
 x - a wand of mindburst (10)
 y - a wand of quicksilver (3)
 J - a wand of roots (6)
 K - a wand of paralysis (1)
 Q - a wand of flame (19)
Scrolls
 h - a scroll of fear
 j - 6 scrolls of identify
 l - 2 scrolls of fog
 q - 7 scrolls of teleportation
 u - 4 scrolls of amnesia
 w - 3 scrolls of vulnerability
 z - 2 scrolls of immolation
 M - 6 scrolls of poison
 N - a scroll of summoning
 O - 3 scrolls of blinking
 P - 4 scrolls of revelation
 U - a scroll of enchant armour
 X - a scroll of torment
Potions
 c - 5 potions of invisibility
 e - a potion of berserk rage
 g - 11 potions of heal wounds
 i - 2 potions of haste
 m - 6 potions of brilliance
 n - 5 potions of might
 p - 7 potions of enlightenment
 t - 4 potions of attraction
 v - 4 potions of resistance
 A - 4 potions of lignification
 B - a potion of cancellation
 D - 3 potions of magic
 E - 3 potions of mutation
 R - 6 potions of ambrosia
 Y - 8 potions of curing
Miscellaneous
 W - a box of beasts (inert)


   Skills:
 * Level 12.5 Fighting
 - Level 10.0 Short Blades
 - Level 1.6(6.0) Long Blades
 - Level 5.0 Armour
 + Level 8.8 Dodging
 + Level 15.5 Stealth
 + Level 3.2 Shields
 + Level 9.3 Spellcasting
 + Level 2.9 Conjurations
 * Level 15.9 Hexes
 - Level 6.0 Translocations
 * Level 6.0 Transmutations
 - Level 4.0 Ice Magic
 + Level 8.3 Evocations


You had 8 spell levels left.
You knew the following spells:

 Your Spells              Type           Power      Damage    Failure   Level
a - Ensorcelled Hibernat  Hex/Ice        100%       N/A       1%          2
b - Confusing Touch       Hex            74%        N/A       1%          3
c - Tukima's Dance        Hex            74%        N/A       1%          3
d - Dazzling Flash        Conj/Hex       100%       N/A       1%          3
e - Blink                 Tloc           82%        N/A       1%          2
f - Yara's Violent Unrav  Hex/Tmut       30%        3d13      2%          5
g - Enfeeble              Hex            37%        N/A       10%         7

Your spell library contained the following spells:

 Spells                   Type           Power      Damage    Failure   Level
 Apportation              Tloc           82%        N/A       1%          1
 Freeze                   Ice            100%       1d10      1%          1
 Lesser Beckoning         Tloc           82%        N/A       1%          2
 Inner Flame              Hex/Fire       51%        N/A       1%          3
 Summon Guardian Golem    Hex/Summ       51%        N/A       1%          3
 Magic Dart               Conj           100%       1d8       2%          1
 Gell's Gravitas          Tloc           41%        N/A       2%          3
 Teleport Other           Tloc           41%        N/A       2%          3
 Passwall                 Tmut/Erth      21%        N/A       3%          2
 Frozen Ramparts          Ice            62%        1d10      4%          3
 Hailstorm                Conj/Ice       28%        3d8       6%          3
 Manifold Assault         Tloc           41%        N/A       7%          4
 Vhi's Electric Charge    Tloc/Air       52%        N/A       8%          3
 Summon Small Mammal      Summ           44%        N/A       9%          1
 Ignite Poison            Fire/Tmut/Pois 21%        N/A       11%         3
 Call Imp                 Summ           22%        N/A       13%         2
 Cigotuvi's Dreadful Rot  Necr/Pois/Air  22%        N/A       13%         2
 Mephitic Cloud           Conj/Pois/Air  16%        N/A       17%         3
 Call Canine Familiar     Summ           11%        N/A       26%         3
 Swiftness                Air            11%        N/A       26%         3
 Summon Ice Beast         Ice/Summ       21%        N/A       36%         4
 Alistair's Intoxication  Tmut/Pois      17%        N/A       54%         5
 Discord                  Hex            37%        N/A       61%         8
 Animate Dead             Necr           11%        N/A       63%         4
 Dispel Undead            Necr           11%        3d9       63%         4
 Olgreb's Toxic Radiance  Pois           11%        N/A       63%         4
 Freezing Cloud           Conj/Ice/Air   11%        6-21      65%         5
 Arcjolt                  Conj/Air       9%         1d19      77%         5
 Fireball                 Conj/Fire      9%         3d6       77%         5
 Simulacrum               Ice/Necr       10%        N/A       99%         6
 Conjure Ball Lightning   Conj/Air       9%         3x3d6     100%        6
 Death Channel            Necr           5%         N/A       100%        6
 Plasma Beam              Fire/Air       5%         2x1d16    100%        6
 Haunt                    Necr/Summ      5%         N/A       100%        7
 Ignition                 Fire           5%         3d4       100%        8
 Infestation              Necr           5%         N/A       100%        8
 Polar Vortex             Ice            15%        12d2*     100%        9


Dungeon Overview and Level Annotations

Branches:
Dungeon (15/15)            Temple (1/1) D:5            Lair (5/5) D:10
  Swamp (0/4) Lair:2        Snake (2/4) Lair:2        Slime (0/5) Lair:4
    Orc (2/2) D:12            Elf (0/3) Orc:2        Vaults (0/5) D:14
 Depths (0/4) D:15          Sewer (visited)         Ossuary (visited)

Altars:
Ashenzari
Cheibriados
Dithmenos
Fedhas
Gozag
Hepliaklqana
Kikubaaqudgha
Makhleb
Nemelex Xobeh
Okawaru
Qazlal
Ru
Sif Muna
Trog
Uskayaw
Vehumet
Wu Jian
Xom
Yredelemnul
Jiyva

Shops:
D:2 [   D:8 (   D:9 [   D:13 (   D:15 (   Orc:2 [!:*   Snake:2 ?[([

Annotations:
D:9 book dig vault, exclusion: oklob plant
Lair:4 exclusion: oklob plant
Snake:1 2 transporters, Cuwuxaq's ghost, adept MiFi


Innate Abilities, Weirdness & Mutations

Your natural rate of healing is accelerated.
You have razor-sharp teeth.
You have supernaturally acute eyesight. (SInv)
You are afflicted with vampirism and can become a bat while bloodless.


Message History

You feel your power leaking away. The sea snake misses you.
The naga mage completely misses you. The naga mage misses you.
You catch the helpless mana viper completely off-guard!
You perforate the mana viper like a sieve!!!
You kill the mana viper!
The Council accepts your kill.
You feel very sick.
Unknown command.
Casting: Dazzling Flash (safe; 1% risk of failure)
Confirm with . or Enter, or press ? or * to list all spells.
Aiming: Ensorcelled Hibernation (safe; 1% risk of failure)
Press: ? - help, Shift-Dir - straight line, f - sea snake
Aim: a sea snake (concentrated venom, slow, chance to affect: 54%)
The sea snake looks drowsy...
You radiate an aura of cold.
The sea snake seems to slow down.
The naga seems to slow down.
The naga mage seems to slow down.
You feel very sick. The naga mage misses you.
The naga mage completely misses you.
The helpless sea snake fails to defend itself.
You stick the sea snake like a pincushion!!!!
You kill the sea snake!
The Council accepts your kill.
You feel sick. The naga hits you with a +0 long sword!
* * * LOW HITPOINT WARNING * * *
The naga grabs you. The naga constricts you.
* * * LOW HITPOINT WARNING * * *
Your Transmutations skill increases to level 6!
Casting: Ensorcelled Hibernation (safe; 1% risk of failure)
Confirm with . or Enter, or press ? or * to list all spells.
Aiming: Ensorcelled Hibernation (safe; 1% risk of failure)
Press: ? - help, Shift-Dir - straight line, f - naga mage
Aim: a naga mage, wielding a +0 club (moderately wounded, fast, slow, lightly drained, chance to affect: 45%)
The naga mage resists with some effort.
You feel very sick. The naga mage spits poison at you.
The splash of poison hits you but does no damage.
You are lethally poisoned!
The naga hits you with a +0 long sword!
You die...

......))....####
.##...N.....$..####
#...SN.......###.##
#PPP>##..##........##
.~~~##............<.#
P~.PPP.P.##.#..)...##
.PP.P.PP###.#.......##
P..N...###..N......=.##


..PPP #N@.......#..# ..... #.##.........# #.##.........## #.####........# ..#
###......# .## ##..∩..## .. #......## .# #.......# #.##....# You could see a
naga mage (fast, slow, catching breath, drained) and a naga (slow).

Vanquished Creatures
  Saint Roka (Orc:2)
  Rupert (Lair:5)
  Jorgrun (Snake:2)
  A stone giant (D:15)
  Snorg (Orc:2)
  Josephine (Lair:4)
  Fannar (D:10)
  Erolcha (D:9)
  5 hydras
  A merfolk avatar (Lair:5)
  An ogre mage (D:15)
  3 centaur warriors
  2 anacondas
  2 tengu warriors (D:14)
  4 boulder beetles
  6 two-headed ogres
  2 naga sharpshooters
  An orc high priest (Orc:2)
  A shock serpent (Snake:1)
  Sonja (Lair:2)
  3 skysharks (Lair:5)
  A salamander mystic (Snake:2)
  2 sea snakes
  A deep elf archer (D:14)
  5 deep elf pyromancers
  A harpy (Lair:5)
  6 orc knights
  5 orc sorcerers
  3 mana vipers
  3 manticores
  7 cyclopes
  15 elephants
  3 salamanders
  14 black mambas
  A naga mage (Snake:1)
  3 torpor snails
  2 gargoyles
  10 cane toads
  A cane toad (shapeshifter) (D:14)
  11 rime drakes
  2 unseen horrors
  A yaktaur (shapeshifter) (D:15)
  2 efreet
  12 komodo dragons
  A kobold demonologist (D:13)
  2 freezing wraiths (D:15)
  4 yaktaurs (D:14)
  3 trolls
  A queen bee (Lair:1)
  6 hornets
  7 polar bears
  A wind drake (Lair:5)
  5 dream sheep (Lair:4)
  21 blink frogs
  Sigmund (D:2)
  52 yaks
  A spriggan (D:8)
  10 slime creatures (D:12)
  A snapping turtle (Lair:5)
  A shadow (D:12)
  5 wraiths
  A vampire (D:10)
  A human (D:6)
  2 wyverns
  5 basilisks
  4 steam dragons
  11 vampire mosquitoes
  13 nagas
  7 wargs
  16 water moccasins
  An acid dragon (D:9)
  4 ice beasts
  5 black bears
  25 orc warriors
  A sky beast (D:6)
  A boggart (D:14)
  12 centaurs
  7 ogres
  3 wolves (Lair:5)
  A phantom (D:4)
  2 lemures (D:4)
  10 kobold brigands
  Blork the orc (D:4)
  20 bullfrogs
  A gnoll sergeant (Orc:1)
  A scorpion (D:6)
  2 wights (D:10)
  14 killer bees (Lair:1)
  7 howler monkeys
  2 electric eels
  4 hounds
  A human zombie (D:6)
  9 jellies
  A gnoll bouda (D:6)
  24 orc priests
  An iguana (D:5)
  22 orc wizards
  A boggart simulacrum (D:15)
  A mummy (Ossuary)
  9 adders
  12 gnolls
  2 shadow imps
  2 white imps
  5 worms
  4 dart slugs
  53 orcs
  2 spectral bats (Ossuary)
  25 endoplasms
  6 giant cockroaches
  12 gnoll zombies (Ossuary)
  2 goblins (D:1)
  7 hobgoblins
  7 jackals
  4 quokkas
  4 ball pythons
  3 bats
  3 bat simulacra (Ossuary)
  2 frilled lizards
  7 goblin simulacra (Ossuary)
  6 goblin zombies
  2 hobgoblin zombies (Ossuary)
  38 kobolds
  7 kobold simulacra (Ossuary)
  6 kobold zombies (Ossuary)
  5 orc zombies (Ossuary)
  5 rats
  3 rat simulacra (Ossuary)
  6 spectral kobolds (Ossuary)
  3 spectral rats (Ossuary)
769 creatures vanquished.

Vanquished Creatures (collateral kills)
  A naga ritualist (Snake:1)
  Pikel (D:4)
  A naga (Snake:1)
  A water moccasin (Lair:5)
  An orc warrior (Orc:2)
  2 wights
  An orc priest (Orc:1)
  An orc wizard (Orc:2)
  2 orcs (Orc:2)
11 creatures vanquished.

Vanquished Creatures (others)
  A deep elf pyromancer (D:14)
  A deep elf zephyrmancer (D:14)
  14 dancing weapons
  A centaur (D:15)
  An orc (D:14)
18 creatures vanquished.

Grand Total: 798 creatures vanquished

Notes
Turn   | Place    | Note
-------+----------+-------------------------------------------
     0 | D:1      | tilp the Vampire Enchanter began the quest for the Orb.
     0 | D:1      | Reached XP level 1. HP: 13/13 MP: 3/3
   263 | D:1      | Reached XP level 2. HP: 19/20 MP: 5/5
   638 | D:1      | Reached skill level 1 in Fighting
   780 | D:2      | Identified the +0 robe of Fapidy {rPois MP+9}
   836 | D:2      | Learned a level 2 spell: Ensorcelled Hibernation
   852 | D:2      | Gained mutation: You are afflicted with vampirism and can
                  | become a bat while bloodless. [Vampire growth]
   852 | D:2      | Reached XP level 3. HP: 26/26 MP: 6/6
  1064 | D:2      | Found Otanwejiqa's Armour Emporium.
  1070 | D:2      | Bought a +0 cloak for 63 gold pieces
  1625 | D:2      | Noticed Sigmund
  1633 | D:2      | Killed Sigmund
  1634 | D:2      | Reached skill level 5 in Stealth
  1634 | D:2      | Reached skill level 5 in Hexes
  1634 | D:2      | Reached XP level 4. HP: 33/33 MP: 4/7
  1634 | D:2      | Reached XP level 5. HP: 38/38 MP: 4/8
  1826 | D:3      | Found a faded altar of an unknown god.
  2153 | D:3      | Reached XP level 6. HP: 31/46 MP: 1/10
  2875 | D:2      | Bought a +0 pair of boots for 63 gold pieces
  2932 | D:4      | Learned a level 3 spell: Confusing Touch
  2936 | D:4      | Learned a level 3 spell: Tukima's Dance
  3021 | D:4      | Noticed Blork the orc
  3042 | D:4      | Killed Blork the orc
  3096 | D:4      | Found an iron altar of Okawaru.
  3096 | D:4      | Found an ancient bone altar of Kikubaaqudgha.
  3101 | D:4      | Noticed a steam dragon
  3129 | D:4      | Found a sand-covered staircase.
  3155 | D:4      | Found a transporter.
  3169 | D:4      | Noticed Pikel
  3221 | Ossuary  | Entered an ossuary
  3958 | D:4      | Found a blossoming altar of Fedhas.
  3959 | D:4      | Found a stormy altar of Qazlal.
  3965 | D:4      | Found a shadowy altar of Dithmenos.
  4011 | D:4      | Reached XP level 7. HP: 52/52 MP: 11/11
  4105 | D:4      | Found a transporter.
  4187 | D:4      | Found a hazy altar of Hepliaklqana.
  4216 | D:4      | Killed Pikel
  4217 | D:4      | Reached skill level 5 in Short Blades
  4217 | D:4      | Reached XP level 8. HP: 55/60 MP: 6/13
  4600 | D:5      | Entered Level 5 of the Dungeon
  4725 | D:5      | Found a sacrificial altar of Ru.
  5026 | D:5      | Found a staircase to the Ecumenical Temple.
  5869 | D:6      | Reached skill level 5 in Fighting
  6050 | D:6      | Found a glowing drain.
  6054 | Sewer    | Entered a sewer
  6079 | Sewer    | Reached XP level 9. HP: 68/68 MP: 12/15
  6548 | Temple   | Entered the Ecumenical Temple
  6593 | Temple   | Became a worshipper of the Wu Jian Council
  6843 | D:6      | Found a sparkling altar of Nemelex Xobeh.
  6904 | D:6      | Found a runed translucent door.
  6907 | D:6      | Found a basalt altar of Yredelemnul.
  7180 | D:6      | Found a snail-covered altar of Cheibriados.
  7321 | D:2      | Bought a +0 pair of gloves for 63 gold pieces
  7458 | D:7      | Upgraded the game from 0.31-a0-455-g1a7b003ef0 to
                  | 0.31-a0-460-g9e667d4245
  7522 | D:7      | Found a burning altar of Makhleb.
  7600 | D:7      | Reached * piety under Wu Jian
  7705 | D:7      | Reached skill level 5 in Spellcasting
  8554 | D:7      | Reached skill level 10 in Stealth
  9018 | D:8      | Reached XP level 10. HP: 63/76 MP: 7/17
  9028 | D:8      | Reached skill level 10 in Short Blades
  9352 | D:8      | Reached ** piety under Wu Jian
  9464 | D:8      | Reached skill level 1 in Ice Magic
  9512 | D:8      | Reached skill level 1 in Evocations
  9648 | D:8      | Learned a level 3 spell: Dazzling Flash
  9651 | D:8      | Learned a level 2 spell: Blink
  9678 | D:8      | Found Tuqeovah's Antique Weapon Boutique.
  9949 | D:9      | Reached skill level 1 in Armour
  9956 | D:9      | Noticed a two-headed ogre
  9968 | D:9      | Killed a two-headed ogre
  9969 | D:9      | Reached skill level 1 in Translocations
  9979 | D:9      | Identified the +0 leather armour of Wynasetz {*Corrode
                  | rPois rC+ Slay+3}
 10322 | D:9      | Noticed a two-headed ogre
 10329 | D:9      | Killed a two-headed ogre
 10413 | D:9      | Noticed Erolcha
 10425 | D:9      | Killed Erolcha
 10426 | D:9      | Reached XP level 11. HP: 83/83 MP: 19/19
 10449 | D:9      | Reached skill level 5 in Dodging
 10603 | D:9      | Found a shimmering blue altar of Sif Muna.
 10672 | D:9      | Found Desen's Armour Emporium.
 10768 | D:9      | Noticed an oklob plant
 10798 | D:9      | Reached *** piety under Wu Jian
 10861 | D:9      | Upgraded the game from 0.31-a0-460-g9e667d4245 to
                  | 0.31-a0-485-gaadceae713
 10910 | D:10     | Entered Level 10 of the Dungeon
 10922 | D:10     | Identified the +5 longbow of Karma {freeze, Dex+6}
 11090 | D:10     | Found a staircase to the Lair.
 11179 | D:10     | Noticed a two-headed ogre
 11185 | D:10     | Killed a two-headed ogre
 11665 | D:10     | Found a broken altar of Ashenzari.
 12062 | D:11     | Reached **** piety under Wu Jian
 12164 | D:11     | Noticed a boulder beetle
 12171 | D:11     | Killed a boulder beetle
 12510 | D:11     | Identified the +4 dire flail of Indomitability {speed,
                  | Str+2}
 13068 | Lair:1   | Entered Level 1 of the Lair of Beasts
 13130 | D:10     | Reached skill level 10 in Hexes
 13278 | Lair:1   | Noticed Fannar
 13286 | D:10     | Reached XP level 12. HP: 81/93 MP: 21/21
 13787 | D:10     | Killed Fannar
 15186 | Lair:2   | Reached skill level 10 in Fighting
 15235 | Lair:2   | Reached skill level 5 in Armour
 15330 | Lair:2   | Found a staircase to the Swamp.
 15704 | Lair:2   | Found the +4 skin of Zhor {*Englaciate rC+++ SInv}
 15728 | Lair:2   | Reached skill level 1 in Shields
 15742 | Lair:2   | Reached skill level 1 in Conjurations
 15916 | Lair:2   | Reached ***** piety under Wu Jian
 15953 | Lair:2   | Reached XP level 13. HP: 33/103 MP: 3/23
 16112 | Lair:2   | Noticed Sonja
 16120 | Lair:2   | Killed Sonja
 16231 | Lair:2   | Found a staircase to the Snake Pit.
 16527 | Lair:3   | Reached skill level 5 in Evocations
 16573 | Lair:3   | Learned a level 5 spell: Yara's Violent Unravelling
 16943 | Lair:3   | You fall into a shaft and drop 1 floor!
 17435 | Lair:4   | Reached skill level 1 in Transmutations
 17697 | Lair:4   | Noticed Josephine
 17913 | Lair:4   | Killed Josephine
 18430 | Lair:4   | Found a viscous altar of Jiyva.
 18430 | Lair:4   | Found a staircase to the Slime Pits.
 18740 | Lair:5   | Entered Level 5 of the Lair of Beasts
 18828 | Lair:5   | Reached skill level 5 in Translocations
 19221 | Lair:5   | Reached XP level 14. HP: 109/111 MP: 3/25
 19367 | Lair:5   | Noticed Rupert
 19375 | Lair:5   | Paralysed by Rupert for 3 turns
 19388 | Lair:5   | Killed Rupert
 20620 | Lair:5   | Reached XP level 15. HP: 118/118 MP: 27/27
 20632 | Lair:5   | Identified the +0 trident of Twilight {flame, *Rage rC++
                  | Will+ Stlth+}
 21025 | D:4      | Reached ****** piety under Wu Jian
 21452 | D:12     | Got the Octavo of Conjured Refrigeration
 21584 | D:12     | Found a staircase to the Orcish Mines.
 22100 | Orc:1    | Entered Level 1 of the Orcish Mines
 22388 | Orc:1    | You fall into a shaft and drop 1 floor!
 22388 | Orc:2    | Entered Level 2 of the Orcish Mines
 22388 | Orc:2    | Noticed Snorg
 22393 | Orc:2    | Killed Snorg
 22395 | Orc:2    | Found a staircase to the Elven Halls.
 22705 | Orc:2    | Found Haoxtic's Distillery.
 23958 | Orc:2    | Paralysed by an orc sorcerer for 3 turns
 24033 | Orc:2    | Noticed Saint Roka
 24160 | Orc:1    | Reached skill level 15 in Stealth
 24522 | Orc:2    | Killed Saint Roka
 24780 | Orc:2    | Found Kitumim's Antique Armour Boutique.
 24958 | Orc:2    | Found Pope's General Store.
 24973 | Orc:2    | Found Kaotzum's Book Boutique.
 25020 | Orc:2    | Found Otiwab's Antique Weapon Boutique.
 25050 | Orc:2    | Bought a polished leather armour for 147 gold pieces
 25050 | Orc:2    | Identified the +4 leather armour of Midnight {Contam Int+2
                  | SInv Stlth+} (You bought it in a shop on level 2 of the
                  | Orcish Mines)
 25325 | D:13     | Found Tearph's Weapon Emporium.
 25332 | D:13     | Reached skill level 15 in Hexes
 25348 | D:13     | Found a stormy altar of Qazlal.
 25560 | D:13     | Identified the +4 flail of Qeqos {flame, rCorr Str-5 Int+4
                  | SInv}
 25944 | D:14     | Reached XP level 16. HP: 127/127 MP: 29/29
 25968 | D:14     | Identified the +2 robe "Onteopep" {Dex+3 Stlth+}
 27109 | D:14     | Found a gate to the Vaults.
 27202 | D:14     | Reached skill level 1 in Long Blades
 27301 | D:15     | Entered Level 15 of the Dungeon
 27304 | D:15     | Found Tuthash's Weapon Shop.
 27703 | D:15     | Reached skill level 5 in Transmutations
 27875 | D:15     | Found a staircase to the Depths.
 28518 | D:15     | Learned a level 7 spell: Enfeeble
 28695 | Snake:1  | Entered Level 1 of the Snake Pit
 28878 | Snake:1  | Found a hide-covered altar of Uskayaw.
 29328 | Snake:1  | Noticed Cuwuxaq's ghost (adept MiFi)
 29334 | Snake:1  | Found a transporter.
 29345 | Snake:1  | Found a transporter.
 29543 | Snake:2  | Found Koevev's Armour Emporium.
 29546 | Snake:2  | Noticed Jorgrun
 29818 | Snake:2  | Found Riath's Magic Scroll Shop.
 29826 | Snake:2  | Bought a scroll of revelation for 105 gold pieces
 29826 | Snake:2  | Bought a scroll of fog for 56 gold pieces
 29826 | Snake:2  | Bought a scroll of enchant armour for 105 gold pieces
 29826 | Snake:2  | Bought a scroll of acquirement for 728 gold pieces
 29826 | Snake:2  | Acquired the +1 pair of boots "Qynivola" {rElec rCorr}
 29897 | Snake:2  | Killed Jorgrun
 29954 | Snake:2  | Found Zeragepe's Antique Weapon Shop.
 29970 | Snake:2  | Found Pocziace's Armour Shoppe.
 30029 | Snake:2  | Slain by a naga

Illustrated notes

Levels and vault maps discovered:
D:1:      dpeg_arrival_tiny_j, layout_loops_cross,
          chequers_serial_rivers_large_b, kennysheep_boxes
D:2:      layout_basic, serial_shops, shop, fountainhead, grunt_ministairs_8,
          serial_bayou_lake_a, uniq_sigmund
D:3:      layout_basic, lemuel_round_altar, nicolae_ecumenical_pavilion
D:4:      layout_gridville, nicolae_hepliaklqana_hazy_memory,
          grunt_temple_overflow_open, gammafunk_temple_overflow_arena,
          nicolae_ossuary_entry_false_entrances, uniq_blork_the_orc, uniq_pikel
D:5:      layout_basic, mainiacjoe_overflow_surrounded_room,
          minmay_temple_entry_from_below_a
D:6:      hellmonk_ruined_rings, layout_rooms,
          nemelex_xobeh_ov_fountains_minmay, elyvilon_altar_5,
          mainiacjoe_overflow_small_starburst, dk_yredelemnul_ordeal,
          gup_sewer_entry_spiral
D:7:      layout_layer_cave, makhleb_heckhound_becter,
          nicolae_elevator_lobby_plus
D:8:      layout_loops_ring, serial_shops, nicolae_shop_window_shopping,
          the_hattery
D:9:      lemuel_slime, layout_basic, nicolae_sif_muna_little_library,
          serial_shops, nicolae_shop_statue_plus,
          eino_small_chamber_without_monster, supply_closet_lemuel,
          minivault_24, uniq_erolcha
D:10:     layout_rooms, kennysheep_little_box, david_lair_generic,
          serial_curves, eino_curves_04, eino_curves_03
D:11:     layout_basic
D:12:     layout_stronghold, minmay_orc_entry_guard_dogs
D:13:     layout_roguey, serial_shops, nicolae_stop_n_shop_2,
          grunt_qazlal_clouds
D:14:     layout_irregular_city, hangedman_vaults_entry_quadrant_bands,
          hex_medium
D:15:     grunt_enter_depths_giant_problem, layout_rooms, serial_shops,
          nicolae_shop_trees, hangedman_decor_peaks_small
Temple:   nicolae_temple_great_sept
Lair:1:   layout_concentric_octagons, special_room [special_room_bee],
          uniq_fannar
Lair:2:   layout_cave_shapes, swamp_mist_pool, alex1729_snake_entry_snake,
          hellmonk_guarded_unrand_zhor, uniq_sonja
Lair:3:   layout_regular_city, serial_bayou_shore_a, grunt_megastairs_2
Lair:4:   layout_regular_city, dpeg_slime_entry_enclosed, lemuel_fruit_tree,
          grunt_megastairs_3, uniq_josephine
Lair:5:   gammafunk_lair_ancient_temple, layout_loops_ring, uniq_rupert
Snake:1:  layout_rooms, gammafunk_ghost_arena, basic_altar
Snake:2:  layout_cave_shapes, serial_shops, shop, nicolae_lakefront_shop, shop,
          shop, nicolae_shop_tiny_real_fake_doors, serial_bayou_pond_e,
          nicolae_snake_snakes_in_the_grass, uniq_jorgrun
Orc:1:    layout_diamond_mine, basic_altar, nicolae_orc_pool_cavern,
          mines1_david
Orc:2:    grunt_orc_cross, layout_caves, serial_shops, shop, rock_pile,
          uniq_snorg

Skill      XL: |  1  2  3  4  5  6  7  8  9 10 11 12 13 14 15 16 |
---------------+-------------------------------------------------+-----
Fighting       | 1 2 3 5 6 8 10 11 12 | 12.5
Short Blades   | 3 4 5 6 9 10 | 10.0
Dodging        | 3 4 6 7 8 |  8.8
Stealth        | 5 6 7 8 10 11 12 13 14 15 | 15.5
Hexes          | 5 6 7 8 10 11 12 15 | 15.9
Spellcasting   | 3 4 5 6 7 8 9 |  9.3
Ice Magic      | 2 4 |  4.0
Evocations     | 2 3 4 6 7 8 |  8.3
Armour         | 2 3 5 |  5.0
Translocations | 2 4 5 6 |  6.0
Shields        | 1 2 3 |  3.2
Conjurations   | 1 2 |  2.9
Transmutations | 3 4 6 |  6.0
Long Blades    | 1 |  1.6

Action                     |  1- 3 |  4- 6 |  7- 9 | 10-12 | 13-15 | 16-18 || total
---------------------------+-------+-------+-------+-------+-------+-------++-------
  Melee: Dagger            |    99 |   314 |   349 |   561 |   798 |   263 ||  2384
         Bite              |     9 |    31 |    52 |    44 |    99 |    34 ||   269
         Punch             |     2 |     8 |     6 |     6 |       |       ||    22
  Throw: Dart              |       |       |     3 |       |    10 |     1 ||    14
   Cast: Ensorcelled Hiber |     1 |    11 |    72 |   170 |   203 |    68 ||   525
         Confusing Touch   |       |     4 |    12 |    20 |    27 |    10 ||    73
         Tukima's Dance    |       |       |     1 |     6 |    41 |    32 ||    80
         Dazzling Flash    |       |       |       |    33 |    45 |    21 ||    99
         Blink             |       |       |       |     2 |     4 |     2 ||     8
         Yara's Violent Un |       |       |       |       |     9 |    12 ||    21
Ability: Lunge             |       |       |    17 |    37 |    69 |    27 ||   150
         Whirlwind         |       |       |       |    11 |    32 |     6 ||    49
  Evoke: Wand              |       |       |       |       |     2 |     2 ||     4
         Box of beasts     |       |       |       |       |     1 |     1 ||     2
    Use: Scroll            |       |     9 |    14 |     9 |     8 |     2 ||    42
         Potion            |       |       |       |       |     2 |       ||     2
   Stab: Sleeping          |     9 |    24 |    50 |   101 |   160 |    55 ||   399
         Confused          |       |     5 |     8 |    16 |    26 |    10 ||    65
         Distracted        |       |     1 |       |     1 |     3 |     1 ||     6
         Invisible         |       |       |       |    29 |    52 |    12 ||    93
 Armour: Robe              |    18 |    58 |    42 |    84 |       |       ||   202
         Animal skin       |       |       |       |    18 |   133 |    71 ||   222
         Leather armour    |       |       |       |     2 |       |       ||     2
  Dodge: Dodged            |    58 |   134 |   171 |   485 |   504 |   221 ||  1573
  Block: Buckler           |       |       |       |    14 |    98 |    69 ||   181

Table legend: (Time is in decaauts)
 A = Elapsed time spent in this place.
 B = Non-inter-level travel time spent in this place.
 C = Inter-level travel time spent in this place.
 D = Time resting spent in this place.
 E = Time spent auto-exploring this place.
 F = Levels seen in this place.
 G = Mean time per level.
                   A        B        C        D        E       F      G
               +--------+--------+--------+--------+--------+-----+--------+
         Total |  29561 |  27544 |   2017 |   4753 |  16219 |  27 | 1094.9 |
       Dungeon |  17364 |  15835 |   1529 |   1889 |  10914 |  15 | 1157.6 |
        Temple |     56 |     35 |     21 |      0 |     34 |   1 |   56.0 |
          Lair |   7059 |   6801 |    258 |   1206 |   3701 |   5 | 1411.8 |
     Snake Pit |   1223 |   1149 |     74 |    334 |    446 |   2 |  611.5 |
  Orcish Mines |   2889 |   2756 |    133 |   1173 |    787 |   2 | 1444.5 |
         Sewer |    314 |    314 |      0 |      0 |    217 |   1 |  314.0 |
       Ossuary |    652 |    652 |      0 |    151 |    120 |   1 |  652.0 |
               +--------+--------+--------+--------+--------+-----+--------+

Top non-repeatable levels by time:
   Orc:2: 1892 daAuts
  Lair:5: 1885 daAuts
    D:10: 1695 daAuts
  Lair:4: 1519 daAuts
  Lair:2: 1512 daAuts
    D:14: 1509 daAuts
     D:7: 1311 daAuts
    D:11: 1292 daAuts
     D:6: 1251 daAuts
     D:5: 1233 daAuts
     D:2: 1233 daAuts
     D:4: 1226 daAuts
    D:15: 1217 daAuts
     D:3: 1179 daAuts
  Lair:1: 1131 daAuts
